 Dungeon Crawl Stone Soup version 0.20.1-1-g8b1a95d (webtiles) character file.

80 renl the Changer (level 4, -1/35 HPs)
             Began as a Draconian Transmuter on July 16, 2017.
             Succumbed to a gnoll's poison
             ... on level 1 of the Dungeon.
             The game lasted 00:06:26 (1510 turns).

renl the Changer (Draconian Transmuter)             Turns: 1510, Time: 00:06:26

Health: -1/35      AC:  2    Str: 12    XL:     4   Next: 18%
Magic:  5/7        EV: 25    Int: 13    God:
Gold:   101        SH:  0    Dex: 23    Spells: 1/7 levels left

rFire    . . .     SeeInvis .     - Unarmed
rCold    . . .     Gourm    .   (shield currently unavailable)
rNeg     . . .     Faith    .   (armour unavailable)
rPois    x         Spirit   .   (helmet currently unavailable)
rElec    .         Reflect  .   (cloak currently unavailable)
rCorr    .         Harm     .   (gloves currently unavailable)
MR       .....                  (boots currently unavailable)
Stlth    +++.......             (no amulet)
Regen    0.2/turn               (no ring)
MPRegen  0.1/turn               (no ring)

@: agile, lethally poisoned (-1 -> -34), spider-form (expiring)
A: unfitting armour, AC +5
a: End Transformation


You were on level 1 of the Dungeon.
You were not hungry.
You were a venomous arachnid creature.
You visited 1 branch of the dungeon, and saw 2 of its levels.

You collected 101 gold pieces.

Inventory:

Missiles
 a - 11 arrows
Scrolls
 f - 3 scrolls of teleportation {unknown}
 h - a scroll of blinking {unknown}
 i - a scroll of fear {unknown}
 k - a scroll of magic mapping {unknown}
Potions
 d - 2 potions of agility
 e - a potion of magic {unknown}
 j - a potion of heal wounds {unknown}
 l - a potion of mutation {unknown}
Books
 b - a book of Changes

   Spells                             Type                      Level
   a - Beastly Appendage              Transmutation                1
   b - Sticks to Snakes               Transmutation                2
   c - Spider Form                    Transmutation/Poison         3
   d - Ice Form                       Ice/Transmutation            4
   e - Blade Hands                    Transmutation                5
Comestibles
 c - a bread ration
 m - 2 fruits


   Skills:
 - Level 1.1 Fighting
 - Level 1.7 Dodging
 - Level 3.0 Unarmed Combat
 - Level 2.0 Spellcasting
 + Level 4.5 Transmutations


You had one spell level left.
You knew the following spells:

 Your Spells              Type           Power        Failure   Level  Hunger
a - Beastly Appendage     Tmut           ##....       13%         1    ##.....
b - Sticks to Snakes      Tmut           ##......     17%         2    ###....
c - Spider Form           Tmut/Pois      #.........   52%         3    ####...


Dungeon Overview and Level Annotations

Branches:
Dungeon (2/15)

Altars:


Innate Abilities, Weirdness & Mutations

((Your plain brown scales are hard. (AC +5)))
You cannot fit into any form of body armour.
((You are cold-blooded and may be slowed by cold attacks.))


Message History

You bite the gnoll!
The gnoll is poisoned.
The gnoll is heavily wounded.
The gnoll misses you. The gnoll closely misses you. x2
You hit the gnoll.
The gnoll is poisoned.
The gnoll is moderately wounded.
The gnoll hits you with a spear of venom!
* * * LOW HITPOINT WARNING * * *
You are lethally poisoned!
The gnoll closely misses you.
You hit the gnoll.
The gnoll is almost dead.
* * * LOW HITPOINT WARNING * * *
You feel very sick.
You kill the gnoll!
The gnoll hits you.
* * * LOW HITPOINT WARNING * * *
The gnoll closely misses you.
It was a potion of agility.
You feel agile all of a sudden.
You die...

#.........# ##'##
#.###########...##
###.#### ##.....##
#...##.## ##.......#
#.#.#...####.........
#..........'.........
#.......####..>......
#..g#)..# ##.......#
#..#s#..# ##.....##
#..g#...# ##...##
#.......########'##
#..............#.#
##..##..###......#
#..##..# #.##(#.####
#..##..###.#........
#.................#.
#.###.######.#......


You could see 2 gnolls.

Vanquished Creatures
  Terence (D:2)
  3 gnolls (D:1)
  A dart slug (D:1)
  2 giant cockroaches
  5 goblins (D:1)
  6 hobgoblins (D:1)
  2 kobolds
  2 ball pythons (D:1)
  4 bats (D:1)
  3 frilled lizards (D:1)
  A rat (D:2)
30 creatures vanquished.

Notes
Turn   | Place    | Note
-------+----------+-------------------------------------------
     0 | D:1      | renl the Draconian Transmuter began the quest for the Orb.
     0 | D:1      | Reached XP level 1. HP: 16/16 MP: 3/3
   325 | D:1      | Reached XP level 2. HP: 23/23 MP: 5/5
   431 | D:1      | Reached skill level 3 in Transmutations
   435 | D:1      | Learned a level 2 spell: Sticks to Snakes
   745 | D:1      | Reached XP level 3. HP: 17/28 MP: 6/6
   750 | D:1      | Learned a level 3 spell: Spider Form
  1185 | D:2      | Noticed Terence
  1257 | D:2      | Killed Terence
  1257 | D:2      | Reached skill level 4 in Transmutations
  1281 | D:1      | Reached XP level 4. HP: 10/35 MP: 2/7
  1510 | D:1      | Succumbed to a gnoll's poison

Skill      XL: |  1  2  3 |
---------------+----------+-----
Transmutations | 3 4 |  4.5
Fighting       | |  1.1
Dodging        | |  1.7
Unarmed Combat | |  3.0
Spellcasting   | |  2.0

Action                   |  1- 3 |  4- 6 || total
-------------------------+-------+-------++-------
Melee: Unarmed           |   118 |     4 ||   122
       Tailslap          |     8 |       ||     8
       Kick              |     5 |       ||     5
 Cast: Beastly Appendage |     6 |       ||     6
       Sticks to Snakes  |     1 |       ||     1
       Spider Form       |     1 |     1 ||     2
  Use: Potion            |       |     1 ||     1
 Stab: Distracted        |     1 |       ||     1
  Eat: Chunk             |     1 |     2 ||     3
Armor: Skin              |    45 |     1 ||    46
Dodge: Dodged            |   122 |     9 ||   131
